 Dungeon Crawl Stone Soup version 0.20.0-15-g7f486f2 (webtiles) character file.

840 greprep the Slasher (level 7, -2/61 HPs)
             Began as a Minotaur Fighter on June 9, 2017.
             Slain by Sigmund
             ... wielding a +0 scythe
              (5 damage)
             ... on level 5 of the Dungeon.
             The game lasted 00:06:48 (3579 turns).

greprep the Slasher (Minotaur Fighter)              Turns: 3579, Time: 00:06:48

Health: -2/61      AC:  6    Str: 27    XL:     7   Next: 67%
Magic:  6/6        EV:  9    Int:  5    God:
Gold:   369        SH:  0    Dex: 10    Spells: 6/6 levels left

rFire    . . .     SeeInvis .   a - +0 long sword
rCold    . . .     Gourm    .   c - +0 shield
rNeg     . . .     Faith    .   b - +0 scale mail
rPois    .         Spirit   .   (helmet restricted)
rElec    .         Reflect  .   v - +0 cloak
rCorr    .         Harm     .   (no gloves)
MR       .....                  (no boots)
Stlth    ..........             r - amulet of regeneration
Regen    0.6/turn               t - -2 ring of protection (curse)
MPRegen  0.1/turn               (no ring)

@: confused, mighty
A: retaliatory headbutt, horns 2
a: no special abilities


You were on level 5 of the Dungeon.
You were not hungry.

You visited 1 branch of the dungeon, and saw 5 of its levels.

You collected 369 gold pieces.

Inventory:

Hand Weapons
 a - a +0 long sword (weapon)
Armour
 b - a +0 scale mail (worn)
 c - a +0 shield (worn)
 v - a +0 cloak (worn)
Jewellery
 r - an amulet of regeneration (around neck)
 t - a cursed -2 ring of protection (left hand)
Wands
 y - a wand of flame (35/48)
 z - a wand of disintegration (6/24)
 A - a wand of scattershot (4/9)
 C - a wand of digging (6/24)
Scrolls
 e - a scroll of enchant weapon {unknown}
 g - 3 scrolls of remove curse {unknown}
 i - 2 scrolls of fear {unknown}
 m - a scroll of blinking {unknown}
 n - 5 scrolls of identify {unknown}
 u - a scroll of teleportation {unknown}
 x - 2 scrolls of amnesia {unknown}
Potions
 d - a potion of might
 h - a potion of curing {unknown}
 j - a potion of flight {unknown}
 o - 4 potions of lignification {unknown}
 q - a potion of mutation {unknown}
 s - a potion of brilliance {unknown}
 w - a potion of haste {unknown}
 B - a potion of cancellation {unknown}
Comestibles
 f - 6 bread rations
 k - 7 fruits
 l - 2 royal jellies
 p - 2 meat rations


   Skills:
 + Level 5.2 Fighting
 + Level 6.6 Long Blades
 + Level 6.1 Armour
 + Level 2.6 Dodging
 + Level 5.7 Shields


You had 6 spell levels left.
You didn't know any spells.

Dungeon Overview and Level Annotations

Branches:
Dungeon (5/15)
 Temple: D:4-7

Altars:
Cheibriados
Kikubaaqudgha
Nemelex Xobeh
Trog
Vehumet

Annotations:
D:5 Sigmund


Innate Abilities, Weirdness & Mutations

You reflexively headbutt those who attack you in melee.
You have a pair of horns on your head.


Message History

A magic dart appears from out of thin air!
The magic dart hits you!
You miss something. You headbutt something. Something hits you!
You barely miss something. Something hits you but does no damage.
You closely miss something.
Your shield and scale mail prevent you from hitting something.
Something hits you!
* * * LOW HITPOINT WARNING * * *
You feel very mighty all of a sudden. You block something's attack.
You barely miss something.
You hear some strange, mumbled words.
You are confused.
You bump into the rock wall.
Something hits you!
* * * LOW HITPOINT WARNING * * *
You barely miss something. You headbutt something!!
You completely miss something. Something hits you!
* * * LOW HITPOINT WARNING * * *
You miss something. Something hits you.
You die...

..>..)...# .........#
.........# .........###
...........## ##
(......(<#..## ..# ...
.........##..# #.## ...
########.###.######..###..
#.# #...{@....##..### #.#
########......... #.#
####...... #.# #.....†.##
#[# ##.#.#...# #.#
###........#### #.#
##..._).##.....#
#.####......#####...######
#.##....#..## ###......#


There were no monsters in sight!

Vanquished Creatures
  Eustachio (D:3)
  A hound (D:4)
  5 orc priests
  An orc wizard (D:4)
  Natasha (thrice) (D:4)
  6 worker ants
  A hound skeleton (D:3)
  Robin (D:3)
  6 gnolls
  3 adders
  3 oozes
  3 worms
  2 dart slugs
  2 leopard geckos
  21 orcs
  2 ball pythons
  5 giant cockroaches
  18 goblins
  14 hobgoblins
  8 jackals
  2 quokkas
  8 bats
  5 frilled lizards
  6 kobolds
  8 rats
135 creatures vanquished.

Notes
Turn   | Place    | Note
-------+----------+-------------------------------------------
     0 | D:1      | greprep the Minotaur Fighter began the quest for the Orb.
     0 | D:1      | Reached XP level 1. HP: 19/19 MP: 0/0
    78 | D:1      | Reached XP level 2. HP: 22/27 MP: 1/1
   333 | D:1      | Reached XP level 3. HP: 33/33 MP: 2/2
  1057 | D:2      | You fall through a shaft!
  1101 | D:2      | Reached XP level 4. HP: 40/40 MP: 3/3
  1831 | D:3      | Reached skill level 1 in Dodging
  2180 | D:3      | Reached XP level 5. HP: 46/46 MP: 4/4
  2188 | D:4      | Noticed Eustachio
  2194 | D:3      | Reached skill level 5 in Armour
  2231 | D:3      | Killed Eustachio
  2231 | D:3      | Reached skill level 5 in Long Blades
  2231 | D:3      | Reached XP level 6. HP: 46/53 MP: 5/5
  2291 | D:4      | Found an ancient bone altar of Kikubaaqudgha.
  2291 | D:4      | Noticed Robin
  2500 | D:3      | Killed Robin
  2508 | D:3      | Reached skill level 5 in Shields
  2622 | D:4      | Found a snail-covered altar of Cheibriados.
  2628 | D:4      | Found a sparkling altar of Nemelex Xobeh.
  2676 | D:4      | Noticed Natasha
  2681 | D:4      | Killed Natasha
  2694 | D:4      | Reached skill level 5 in Fighting
  2694 | D:4      | Reached XP level 7. HP: 57/61 MP: 6/6
  2760 | D:4      | Found a radiant altar of Vehumet.
  2761 | D:4      | Found a bloodstained altar of Trog.
  3169 | D:4      | Noticed Natasha
  3173 | D:4      | Killed Natasha
  3299 | D:4      | Noticed Natasha
  3304 | D:4      | Killed Natasha
  3344 | D:5      | Entered Level 5 of the Dungeon
  3369 | D:5      | Found a bloodstained altar of Trog.
  3432 | D:5      | Noticed Sigmund
  3578 | D:5      | HP: 3/61 [something (9)]
  3579 | D:5      | Slain by Sigmund

Skill      XL: |  1  2  3  4  5  6  7 |
---------------+----------------------+-----
Armour         | 4 5 6 |  6.1
Fighting       | 4 5 |  5.2
Long Blades    | 3 5 6 |  6.6
Shields        | 4 5 |  5.7
Dodging        | 1 2 |  2.6

Action                   |  1- 3 |  4- 6 |  7- 9 || total
-------------------------+-------+-------+-------++-------
Melee: Long sword        |    98 |   127 |   123 ||   348
       Headbutt          |    12 |    28 |    25 ||    65
  Use: Potion            |       |       |     1 ||     1
  Eat: Chunk             |       |     6 |     3 ||     9
Armor: Scale mail        |    37 |    37 |    24 ||    98
Dodge: Dodged            |    26 |    40 |    34 ||   100
Block: Shield            |    54 |    79 |    64 ||   197
       Rpst.: Long sword |     5 |     9 |    12 ||    26
